 Dungeon Crawl Stone Soup version 0.30-a0-368-g86fb4627a9 (webtiles) character file.

Game seed: 1208753457893827817

1957 oldriver the Thaumaturge (level 8, -9/68 HPs)
             Began as a Mummy Necromancer on Nov 20, 2022.
             Mangled by a wight
             ... wielding a +4 halberd
              (12 damage)
             ... on level 7 of the Dungeon.
             The game lasted 00:12:06 (8292 turns).

oldriver the Thaumaturge (Mummy Necromancer)        Turns: 8292, Time: 00:12:07

Health: -9/68      AC:  6    Str: 12      XL:     8   Next: 99%
Magic:  22/22      EV: 12    Int: 16      God:
Gold:   279        SH:  0    Dex: 17 (18) Spells: 17/27 levels left

rFire   x . .      SeeInvis .    i - +1 dagger (elec)
rCold   + . .      Faith    +    (no shield)
rNeg    + + +      Spirit   .    a - +0 robe
rPois   ∞          Reflect  .    g - +0 helmet
rElec   .          Harm     .    k - +2 cloak {Stlth+}
rCorr   .          Rampage  .    (no gloves)
Will    +....                    (no boots)
Stlth   +++.......               (no amulet)
HPRegen 0.31/turn                f - +6 ring of dexterity
MPRegen 0.18/turn                (no ring)

@: no status effects
A: cold resistance 1, negative energy resistance 3, torment resistance 2, heat
vulnerability 1, in touch with death 1, no potions, faith
a: no special abilities


You were on level 7 of the Dungeon.
You visited 2 branches of the dungeon, and saw 8 of its levels.

You collected 279 gold pieces.

Inventory:

Hand Weapons
 i - a +1 dagger of electrocution (weapon)
 p - a +2 dagger of draining
 q - a +0 halberd of venom
 s - a +1 dagger of draining
Armour
 a - a +0 robe (worn)
 g - a +0 helmet (worn)
 k - a +2 cloak of stealth (worn)
Jewellery
 b - a +6 ring of dexterity
 e - a ring of ice
 f - a +6 ring of dexterity (left hand)
 o - an amulet of guardian spirit
Wands
 j - a wand of flame (44)
Scrolls
 c - 2 scrolls of amnesia
 d - a scroll of poison
 l - 2 scrolls of vulnerability
 m - 2 scrolls of summoning
 n - 3 scrolls of enchant weapon
 r - 2 scrolls of teleportation
 t - a scroll of blinking {unknown}
 u - a scroll of immolation {unknown}


   Skills:
 + Level 8.2 Fighting
 - Level 1.5 Dodging
 - Level 1.5 Stealth
 + Level 10.3 Spellcasting
 - Level 4.0 Necromancy


You had 17 spell levels left.
You knew the following spells:

 Your Spells              Type           Power      Damage    Failure   Level
a - Necrotise             Necr           100%       1d9       1%          1
b - Vampiric Draining     Necr           31%        2d8       5%          3
c - Animate Dead          Necr           31%        N/A       17%         4
d - Blink                 Tloc           16%        N/A       14%         2

Your spell library contained the following spells:

 Spells                   Type           Power      Damage    Failure   Level
 Call Canine Familiar     Summ           8%         N/A       26%         3
 Gell's Gravitas          Tloc           8%         N/A       26%         3
 Portal Projectile        Hex/Tloc       16%        N/A       26%         3
 Teleport Other           Tloc           8%         N/A       26%         3
 Agony                    Necr           31%        N/A       43%         5
 Leda's Liquefaction      Hex/Erth       4%         N/A       65%         4
 Manifold Assault         Tloc           8%         N/A       65%         4
 Dispersal                Tloc           4%         N/A       100%        6
 Storm Form               Tmut/Air       Unusable   N/A       N/A         7

Dungeon Overview and Level Annotations

Branches:
Dungeon (7/15)             Temple (1/1) D:4

Altars:
Ashenzari
Cheibriados
Dithmenos
Fedhas
Kikubaaqudgha
Makhleb
Nemelex Xobeh
Okawaru
Qazlal
Ru
Sif Muna
Trog
Uskayaw
Vehumet
Wu Jian
Xom


Innate Abilities, Weirdness & Mutations

You are immune to poison.
Your flesh is cold resistant. (rC+)
You are immune to negative energy. (rN+++)
You are immune to unholy pain and torment.
You are vulnerable to heat. (rF-)
You are in touch with the powers of death.
You do not drink.
You have a special connection with the divine. (Faith)


Message History

You feel a surge of power!
The iguana writhes in agony!
You kill the iguana!
The dead are walking!
You can't see any susceptible monsters within range! (Use Z to cast anyway.)
You can't see any susceptible monsters within range! (Use Z to cast anyway.)
A human is nearby!
A human is nearby!
A human is nearby!
A human is nearby!
You swap places.
Found a +0 robe.
You can't see any susceptible monsters within range! (Use Z to cast anyway.)
You can't see any susceptible monsters within range! (Use Z to cast anyway.)
Your iguana skeleton crumbles into dust!
You can't see any susceptible monsters within range! (Use Z to cast anyway.)
You can't see any susceptible monsters within range! (Use Z to cast anyway.)
You hear the steady creaking of a distant portcullis.
The wight hits you from afar with a +4 halberd!!
The wight misses you.
You hit the wight but do no damage. You punch the wight, but do no damage.
The wight misses you.
You closely miss the wight. The wight hits you with a +4 halberd!
You hit the wight but do no damage. The wight hits you with a +4 halberd!
You hit the wight but do no damage. The wight hits you with a +4 halberd!
* * * LOW HITPOINT WARNING * * *
You barely miss the wight. The wight misses you.
You hit the wight but do no damage. The wight barely misses you.
You barely miss the wight. The wight barely misses you.
You hit the wight but do no damage. Lightning courses through the wight!
The wight is almost destroyed.
The wight barely misses you.
You hit the wight.
The wight is almost destroyed.
The wight hits you with a +4 halberd!
* * * LOW HITPOINT WARNING * * *
Unknown command.
You hit the wight but do no damage.
The wight is almost destroyed.
The wight hits you with a +4 halberd!
You die...

#p.### #..#.. ### #.....
#.. #..#.. ##.# #.F#..
#.##..# .. #..#.. #..(..#
#F....p..#.# ########.#
#....###.#.#
#<....@z.###......#.#.#
########...............
...............#.#.#..
..............##.#.#..
#.########.########.#.#.~
#......>...z...z........~
######.#.#########.....~
#.#.........#.....~
#######.#########.#.....~


You could see a wight.

Vanquished Creatures
  Eustachio (D:6)
  2 humans (D:7)
  A black bear (D:4)
  3 ogres (D:6)
  A bullfrog (D:7)
  A kobold brigand (D:6)
  3 scorpions
  A howler monkey (D:6)
  4 orc priests
  3 hounds
  Crazy Yiuf (D:2)
  Natasha (thrice) (D:4)
  2 iguanas
  4 orc wizards
  9 adders
  15 gnolls
  A white imp (D:6)
  17 orcs
  5 bats
  6 endoplasms
  7 giant cockroaches
  6 goblins
  9 hobgoblins
  2 jackals (D:3)
  7 quokkas
  6 ball pythons
  A frilled lizard (D:1)
  14 kobolds
  5 rats
140 creatures vanquished.

Vanquished Creatures (collateral kills)
  An orc wizard (D:3)
  An adder (D:4)
  An endoplasm (D:2)
  2 goblins
  2 hobgoblins
  A frilled lizard (D:1)
  A rat (D:3)
9 creatures vanquished.

Grand Total: 149 creatures vanquished

Notes
Turn   | Place    | Note
-------+----------+-------------------------------------------
     0 | D:1      | oldriver the Mummy Necromancer began the quest for the Orb.
     0 | D:1      | Reached XP level 1. HP: 13/13 MP: 4/4
   133 | D:1      | Reached skill level 3 in Spellcasting
   165 | D:1      | Reached skill level 1 in Fighting
   172 | D:1      | Reached XP level 2. HP: 12/21 MP: 1/6
   609 | D:1      | Gained mutation: You are in touch with the powers of death.
                  | [Mummy growth]
   609 | D:1      | Reached XP level 3. HP: 27/27 MP: 5/8
   636 | D:1      | Found a faded altar of an unknown god.
  1580 | D:2      | Reached skill level 4 in Spellcasting
  1789 | D:2      | Reached XP level 4. HP: 34/34 MP: 5/10
  2206 | D:2      | Found a runed translucent door.
  2207 | D:2      | Noticed Crazy Yiuf
  2685 | D:2      | Killed Crazy Yiuf
  2686 | D:2      | Reached skill level 5 in Spellcasting
  2686 | D:2      | Reached XP level 5. HP: 38/41 MP: 5/12
  3753 | D:4      | Reached XP level 6. HP: 48/48 MP: 10/14
  3797 | D:4      | Noticed Natasha
  3803 | D:4      | Killed Natasha
  3909 | D:4      | Reached skill level 6 in Spellcasting
  4134 | D:4      | Found a staircase to the Ecumenical Temple.
  4186 | Temple   | Entered the Ecumenical Temple
  4420 | D:4      | Noticed Natasha
  4431 | D:4      | Killed Natasha
  4688 | D:4      | Reached skill level 5 in Fighting
  4716 | D:4      | Noticed Natasha
  4722 | D:4      | Killed Natasha
  4723 | D:4      | Reached XP level 7. HP: 55/56 MP: 11/17
  5170 | D:5      | Entered Level 5 of the Dungeon
  5212 | D:5      | Reached skill level 7 in Spellcasting
  5938 | D:5      | Reached skill level 8 in Spellcasting
  6733 | D:6      | Learned a level 3 spell: Vampiric Draining
  6738 | D:6      | Learned a level 4 spell: Animate Dead
  6741 | D:6      | Learned a level 2 spell: Blink
  6990 | D:6      | Found a shadowy altar of Dithmenos.
  7006 | D:6      | Reached XP level 8. HP: 65/65 MP: 6/20
  7278 | D:6      | Reached skill level 9 in Spellcasting
  7443 | D:6      | Noticed Eustachio
  7461 | D:6      | Killed Eustachio
  7983 | D:7      | Reached skill level 10 in Spellcasting
  8291 | D:7      | HP: 2/68 [wight/+4 halberd (12)]
  8292 | D:7      | Mangled by a wight

Illustrated notes

Levels and vault maps discovered:
D:1:      kilobyte_arrival_exit_the_forest, layout_basic,
          ebering_ecumenical_altar_webs, kennysheep_pointless_box,
          skrybe_limestone_x
D:2:      layout_loops_corners, uniq_crazy_yiuf_cottage
D:3:      layout_rooms
D:4:      layout_loops_corners, minmay_temple_entry_hall, roderic_roman_lattice,
          kennysheep_decorative_pillar, minmay_misc_feat_encased, uniq_natasha
D:5:      layout_basic
D:6:      layout_basic, grunt_dithmenos_smoke_and_mirrors, uniq_eustachio
D:7:      layout_basic, grunt_gozag_breadcrumbs,
          nicolae_hepliaklqana_monster_ancestors, enter_bailey_3,
          nicolae_concentric_dashed_squares_mild, chequers_serial_rivers_room_b,
          minmay_ruffians, uniq_joseph
Temple:   nicolae_temple_two_arcs

Skill      XL: |  1  2  3  4  5  6  7  8 |
---------------+-------------------------+-----
Spellcasting   | 3 4 5 6 8 10 | 10.3
Fighting       | 1 2 3 4 5 6 8 |  8.2
Dodging        | |  1.5
Stealth        | |  1.5
Necromancy     | |  4.0

Action                   |  1- 3 |  4- 6 |  7- 9 || total
-------------------------+-------+-------+-------++-------
Melee: Unarmed           |    14 |       |       ||    14
       Dagger            |       |     5 |    55 ||    60
       Punch             |       |       |     3 ||     3
 Cast: Necrotise         |    69 |   139 |   162 ||   370
       Vampiric Draining |       |       |    10 ||    10
  Use: Scroll            |       |       |     8 ||     8
Armor: Robe              |    15 |    11 |    38 ||    64
Dodge: Dodged            |    39 |    28 |   107 ||   174

Table legend: (Time is in decaauts)
 A = Elapsed time spent in this place.
 B = Non-inter-level travel time spent in this place.
 C = Inter-level travel time spent in this place.
 D = Time resting spent in this place.
 E = Time spent auto-exploring this place.
 F = Levels seen in this place.
 G = Mean time per level.
                   A        B        C        D        E       F      G
               +--------+--------+--------+--------+--------+-----+--------+
         Total |   8305 |   7713 |    592 |    878 |   5400 |   8 | 1038.1 |
       Dungeon |   8178 |   7588 |    590 |    878 |   5296 |   7 | 1168.3 |
        Temple |    127 |    125 |      2 |      0 |    104 |   1 |  127.0 |
               +--------+--------+--------+--------+--------+-----+--------+

Top non-repeatable levels by time:
     D:2: 1640 daAuts
     D:4: 1499 daAuts
     D:1: 1451 daAuts
     D:6: 1350 daAuts
     D:5: 1303 daAuts
     D:3: 581 daAuts
     D:7: 351 daAuts
  Temple: 127 daAuts
